 Dungeon Crawl Stone Soup version 0.31-a0-234-gad7ace16ef (webtiles) character file.

Game seed: 16215855721905474061

288 qw the Shooter (level 6, -6/37 HPs)
             Began as a Gargoyle Hexslinger on July 9, 2023.
             Mangled by Pikel
             ... wielding a +1 whip of freezing
              (11 damage)
             ... on level 4 of the Dungeon.
             The game lasted 00:01:09 (3012 turns).

qw the Shooter (Gargoyle Hexslinger)                Turns: 3012, Time: 00:01:10

Health: -6/37      AC:  7    Str: 12    XL:     6   Next: 31%
Magic:  7/7        EV: 11    Int: 13    God:
Gold:   23         SH:  0    Dex: 16    Spells: 6/7 levels left

rFire   . . .        b - +1 sling (heavy)
rCold   + . .        (no shield)
rNeg    + . .        j - +0 leather armour of Horaut {Regen+ rCorr Dex+2}
rPois   inf          (no helmet)
rElec   +            (no cloak)
rCorr   +            (no gloves)
SInv    .            (no boots)
Will    .....        (no amulet)
Stlth   +            a - ring of protection from cold
HPRegen 1.06/turn    (no ring)
MPRegen 0.10/turn

%: no passive effects
@: no status effects
A: sickness immunity, AC +4, negative energy resistance 1, electricity
resistance, torment resistance 1, petrification resistance
a: no special abilities


You were on level 4 of the Dungeon.
You visited 1 branch of the dungeon, and saw 4 of its levels.

You collected 127 gold pieces.
You spent 104 gold pieces at shops.


Innate Abilities, Weirdness & Mutations

You are immune to sickness and miasma.
Your stone body is resilient. (AC +4)
You are immune to poison.
You resist negative energy. (rN+)
You are resistant to electric shocks. (rElec)
You are resistant to unholy torment.
You are immune to petrification.


   Skills:
 - Level 3.3 Fighting
 + Level 5.7 Ranged Weapons
 - Level 1.5 Dodging
 - Level 1.0 Spellcasting
 - Level 2.6 Hexes


You had 6 spell levels left.
You knew the following spells:

 Your Spells              Type           Power      Damage    Failure   Level
a - Slow                  Hex            28%        N/A       12%         1

Your spell library contained the following spells:

 Spells                   Type           Power      Damage    Failure   Level
 Inner Flame              Hex/Fire       4%         N/A       52%         3
 Portal Projectile        Hex/Tloc       8%         N/A       52%         3
 Cause Fear               Hex            3%         N/A       75%         4

Inventory:

Hand Weapons
 b - a +1 heavy sling (weapon)
Armour
 j - the +0 leather armour of Horaut (worn) {Regen+ rCorr Dex+2}
   (You found it on level 2 of the Dungeon)

   Dex:       It affects your dexterity (+2).
   Regen:     It increases your rate of health regeneration.
   rCorr:     It protects you from acid and corrosion.
Jewellery
 a - a ring of protection from cold (left hand)
Scrolls
 k - a scroll of blinking {unknown}
 Y - a scroll of identify
Potions
 d - a potion of mutation {unknown}
 e - a potion of might {unknown}
 f - a potion of ambrosia {unknown}
 g - a potion of cancellation {unknown}
 h - a potion of curing
 i - a potion of degeneration {unknown}
 l - a potion of enlightenment {unknown}

Dungeon Overview and Level Annotations

Branches:
Dungeon (4/15)
 Temple: D:4-7

Altars:
Hepliaklqana
Qazlal
Sif Muna
Vehumet
Yredelemnul

Shops:
D:3 ?:

Annotations:
D:4 Pikel


Message History

There are monsters nearby!
Enter note:
Enter note: You shoot a sling bullet.
The sling bullet hits the lemure.
The lemure is lightly wounded.
An endoplasm comes into view.
You shoot a sling bullet. The sling bullet hits the endoplasm!
You kill the endoplasm!
You shoot a sling bullet. The sling bullet barely misses Pikel.
You shoot a sling bullet. The sling bullet hits Pikel!
Pikel is moderately wounded.
Pikel hits you with a +1 whip of freezing.
You shoot a sling bullet. The sling bullet hits Pikel!
Pikel is heavily wounded.
The lemure barely misses you.
Pikel says, "You'll burn in Gehenna!"
Pikel closely misses you. x2; The lemure misses you.
You shoot a sling bullet. The sling bullet misses Pikel.
The sling bullet hits the lemure but does no damage.
The lemure is lightly wounded.
Pikel barely misses you. The lemure hits you.
You shoot a sling bullet. The sling bullet hits Pikel.
Pikel is severely wounded.
The lemure barely misses you. The lemure hits you.
Pikel cracks his whip.
Pikel closely misses you. x2; The lemure barely misses you.
The lemure hits you.
You shoot a sling bullet. The sling bullet hits Pikel.
Pikel is severely wounded.
The lemure closely misses you. The lemure hits you. Pikel barely misses you.
The lemure hits you.
Pikel hits you with a +1 whip of freezing!
Pikel freezes you. The lemure hits you but does no damage.
You shoot a sling bullet. The sling bullet misses Pikel.
The sling bullet hits the lemure but does no damage.
The lemure is lightly wounded.
The lemure closely misses you. The lemure barely misses you.
Pikel hits you with a +1 whip of freezing.
The lemure hits you! The lemure hits you.
Pikel hits you with a +1 whip of freezing!
You die...

#......##...<..##
##
#.#...###.......#
.. ...##.##
#.####..# .# ###
#.# #.# ##..# #.#
#.# #...# #'# #.#
#.#.# #. #.#.#
#.###.#.#
#..5K@..#
...####55.#
..).... ##...####
#..## #.## #..
###


You could see Pikel and 3 lemures.

Vanquished Creatures
  A lemure (D:4)
  A hound (D:3)
  Natasha (thrice) (D:3)
  A sleepcap (D:4)
  An orc wizard (D:3)
  3 adders
  An ufetubus (D:4)
  2 worms
  3 dart slugs
  7 orcs
  4 ball pythons
  5 endoplasms
  2 giant cockroaches
  12 goblins
  15 hobgoblins
  2 jackals (D:4)
  5 kobolds
  4 quokkas
  2 bats
  3 frilled lizards
  3 rats
80 creatures vanquished.

Notes
Turn   | Place    | Note
-------+----------+-------------------------------------------
     0 | D:1      | qw the Gargoyle Hexslinger began the quest for the Orb.
     0 | D:1      | Reached XP level 1. HP: 12/12 MP: 2/2
     0 | D:1      | 0 ||| qw: Version: 0.3-a-51-g015441d
     0 | D:1      | 0 ||| qw: Game counter: 4256
     0 | D:1      | 0 ||| qw: Melee chars always use a shield: true
     0 | D:1      | 0 ||| qw: God list: Okawaru
     0 | D:1      | 0 ||| qw: Allow faded altars: false
     0 | D:1      | 0 ||| qw: Do Orc after clearing Dungeon:15 true
     0 | D:1      | 0 ||| qw: Do second Lair branch before Depths: true
     0 | D:1      | 0 ||| qw: Lair rune preference: random
     0 | D:1      | 0 ||| qw: Goals: Normal
     0 | D:1      | 0 ||| PLANNING D:1-11
   191 | D:1      | Reached XP level 2. HP: 16/16 MP: 3/3
   278 | D:1      | Reached skill level 3 in Ranged Weapons
   402 | D:1      | You fall into a shaft and drop 1 floor!
   442 | D:2      | Reached XP level 3. HP: 21/21 MP: 4/4
   471 | D:2      | 471 ||| FLEEEEING.
   472 | D:2      | 472 ||| FLEEEEING.
   473 | D:2      | 473 ||| FLEEEEING.
   474 | D:2      | 474 ||| FLEEEEING.
   476 | D:2      | 476 ||| FLEEEEING.
   477 | D:2      | 477 ||| STAIRDANCE
   876 | D:1      | 876 ||| UPGRADING to +0 ring mail.
   886 | D:1      | 886 ||| DROPPING +0 robe.
   887 | D:1      | 887 ||| READING scroll labelled YJOOSE VUFEL.
   888 | D:1      | 888 ||| DROPPING scroll of poison.
   982 | D:2      | Found a faded altar of an unknown god.
  1093 | D:2      | 1093 ||| Stepping ~*~*~tactically~*~*~ (water).
  1146 | D:2      | Identified the +0 leather armour of Horaut {Regen+ rCorr
                  | Dex+2}
  1157 | D:2      | 1157 ||| SWAPPING to +1 sling of flaming.
  1158 | D:2      | 1158 ||| DROPPING +1 sling.
  1171 | D:2      | Reached XP level 4. HP: 24/26 MP: 5/5
  1736 | D:2      | 1736 ||| UPGRADING to +0 leather armour of Horaut {Regen+
                  | rCorr Dex+2}.
  1746 | D:2      | 1746 ||| DROPPING +0 ring mail.
  1747 | D:2      | 1747 ||| UPGRADING to ring of protection from cold.
  1748 | D:2      | 1748 ||| READING scroll labelled CUQAVO PEKHLABREY.
  1753 | D:2      | 1753 ||| READING scroll labelled HEXYCAYMIMI.
  1754 | D:2      | 1754 ||| DRINKING 2 lumpy pink potions.
  1800 | D:3      | Reached skill level 4 in Ranged Weapons
  1815 | D:3      | Found Destroag's Book Shoppe.
  1905 | D:3      | Found a radiant altar of Vehumet.
  1957 | D:3      | Noticed Natasha
  1962 | D:3      | Killed Natasha
  1986 | D:3      | Reached skill level 5 in Ranged Weapons
  1986 | D:3      | Reached XP level 5. HP: 30/30 MP: 6/6
  2051 | D:3      | Found a shimmering blue altar of Sif Muna.
  2098 | D:3      | Noticed Natasha
  2109 | D:3      | Killed Natasha
  2348 | D:3      | Noticed Natasha
  2349 | D:3      | Killed Natasha
  2350 | D:3      | Reached skill level 3 in Fighting
  2416 | D:3      | Found a stormy altar of Qazlal.
  2438 | D:3      | Found Xileschi's Magic Scroll Emporium.
  2448 | D:3      | 2448 ||| DRINKING potion of curing.
  2448 | D:3      | 2448 ||| (to cure confusion)
  2458 | D:3      | Reached XP level 6. HP: 37/37 MP: 7/7
  2469 | D:3      | 2469 ||| BUYING scroll of brand weapon (104 gold).
  2469 | D:3      | Bought a scroll of brand weapon for 104 gold pieces
  2469 | D:3      | 2469 ||| SHOPLISTING scroll of enchant weapon (82 gold,
                  | have 20).
  2469 | D:3      | 2469 ||| SHOPLISTING scroll of teleportation (33 gold, have
                  | 20).
  2469 | D:3      | 2469 ||| READING scroll of brand weapon.
  2469 | D:3      | 2469 ||| BRANDING +1 sling of flaming.
  2476 | D:3      | Found a hazy altar of Hepliaklqana.
  2508 | D:3      | Found a basalt altar of Yredelemnul.
  2511 | D:3      | 2511 ||| READING 2 scrolls labelled LYSTOV ZUACYWK.
  2664 | D:4      | Noticed Pikel
  2669 | D:4      | HP: 9/37 [Pikel/+1 whip of freezing (3)]
  2670 | D:4      | 2670 ||| READING scroll of teleportation.
  3012 | D:4      | HP: 5/37 [lemure[Pikel] (6)]
  3012 | D:4      | Mangled by Pikel

Levels and vault maps discovered:
D:1:      matt_arrival_los_fun, layout_basic
D:2:      layout_loops_ring, serial_rivers, chequers_serial_rivers_large_a,
          chequers_serial_rivers_room_a, chequers_serial_rivers_micro_d,
          chequers_serial_rivers_micro_a, chequers_serial_rivers_small_b,
          shapermc_ecumenical_altar_mp_urbaneastern
D:3:      cheibrodos_greedy_goblins, layout_rooms, general_overflow_altar,
          nicolae_overflow_quartered_altars, serial_shops, shop,
          nicolae_shop_gibbet_a_chance, columned_hall_lemuel, uniq_natasha
D:4:      layout_loops_corners, lexackson_kobold_supper,
          uniq_crazy_yiuf_cottage, uniq_pikel

Skill      XL: |  1  2  3  4  5 |
---------------+----------------+-----
Ranged Weapons | 3 5 |  5.7
Fighting       | 2 3 |  3.3
Dodging        | |  1.5
Spellcasting   | |  1.0
Hexes          | |  2.6

Action                     |  1- 3 |  4- 6 || total
---------------------------+-------+-------++-------
   Fire: Sling             |    87 |   193 ||   280
    Use: Scroll            |     1 |     5 ||     6
         Potion            |       |     2 ||     2
 Armour: Robe              |     3 |       ||     3
         Ring mail         |    12 |       ||    12
         Leather armour    |       |    79 ||    79
  Dodge: Dodged            |    25 |   112 ||   137

Table legend:
 A = Non-vault XP
 B = Vault XP
 C = Vault XP percentage of total XP
 D = Non-vault monster count
 E = Vault monster count
 F = Vault count percentage of total count
                 A         B        C        D         E       F
            +---------+---------+-------+---------+---------+-------
      Total |     354 |      58 |  14.1 |      66 |      13 |  16.5
            +---------+---------+-------+---------+---------+-------
        D:1 |      32 |       0 |   0.0 |      17 |       0 |   0.0
        D:2 |      57 |       0 |   0.0 |      15 |       0 |   0.0
        D:3 |     202 |      58 |  22.3 |      23 |      13 |  36.1
        D:4 |      63 |       0 |   0.0 |      11 |       0 |   0.0
            +---------+---------+-------+---------+---------+-------
